 Dungeon Crawl Stone Soup version 0.29-a0-378-gc08b2e8bf8 (webtiles) character file.

Game seed: 10594904371945542914

68 asterach the Cutter (level 4, -1/24 HPs)
             Began as a Vine Stalker Monk on May 5, 2022.
             Slain by a sky beast (4 damage)
             ... on level 4 of the Dungeon.
             The game lasted 00:05:51 (1709 turns).

asterach the Cutter (Vine Stalker Monk)             Turns: 1709, Time: 00:05:53

Health: -1/24      AC:  3    Str: 13    XL:     4   Next: 19%
Magic:  0/6        EV: 13    Int: 10    God:
Gold:   86         SH:  0    Dex: 19    Spells: 3/5 levels left

rFire   . . .      SeeInvis .   m - +2 dagger (drain)
rCold   . . .      Faith    .   (no shield)
rNeg    . . .      Spirit   +   b - +0 robe
rPois   .          Reflect  .   (no helmet)
rElec   .          Harm     .   (no cloak)
rCorr   .          Rampage  .   l - +0 pair of gloves
Will    .....                   (no boots)
Stlth   +++.......              (no amulet)
HPRegen 0.88/turn               d - ring of wizardry
MPRegen 0.10/turn               (no ring)

@: no status effects
A: fangs 2, regeneration 1, magic shield, antimagic bite, no potion heal 2
a: no special abilities


You were on level 4 of the Dungeon.
You visited 1 branch of the dungeon, and saw 3 of its levels.

You collected 86 gold pieces.

Inventory:

Hand Weapons
 a - a +0 short sword
 m - a +2 dagger of draining (weapon)
Armour
 b - a +0 robe (worn)
 i - a +0 leather armour
 l - a +0 pair of gloves (worn)
Jewellery
 d - a ring of wizardry (left hand)
Scrolls
 g - 2 scrolls of magic mapping {unknown}
 h - 3 scrolls of identify {unknown}
 j - 3 scrolls of noise {unknown}
 k - a scroll of fear {unknown}
 o - a scroll of silence {unknown}
 p - a scroll of poison {unknown}
Potions
 c - a potion of ambrosia
 e - 2 potions of curing
 f - a potion of heal wounds {unknown}
 n - a potion of magic {unknown}


   Skills:
 + Level 3.1 Fighting
 + Level 3.3 Short Blades
 + Level 2.8 Dodging
 + Level 3.0 Stealth
 * Level 1.1 Spellcasting


You had 3 spell levels left.
You knew the following spells:

 Your Spells              Type           Power      Damage    Failure   Level
a - Blink                 Tloc           0%         N/A       21%         2

Your spell library contained the following spells:

 Spells                   Type           Power      Damage    Failure   Level
 Lesser Beckoning         Tloc           0%         N/A       38%         3
 Animate Dead             Necr           0%         N/A       77%         4
 Borgnjor's Vile Clutch   Necr/Erth      0%         N/A       97%         5
 Manifold Assault         Tloc           0%         N/A       97%         5
 Death Channel            Necr           0%         N/A       100%        6


Dungeon Overview and Level Annotations

Branches:
Dungeon (2/15)

Altars:
Gozag
Nemelex Xobeh
Qazlal

Shops:
D:1 **(


Innate Abilities, Weirdness & Mutations

You have extremely sharp teeth.
Your natural rate of healing is unusually fast.
When hurt, damage is shared between your health and your magic reserves.
Your bite disrupts and absorbs the magic of your enemies.
Potions cannot restore your health.


Message History

The worm is severely wounded.
The worm barely misses you.
You hit the worm. You drain the worm.
The worm is almost dead.
You hit the worm.
You kill the worm!
You open the door.
A bat comes into view.
There is an open door here.
A sourceless malevolence fills the Dungeon...
You fall into a shaft and drop 2 floors!
The shaft crumbles and collapses.
A sky beast comes into view.
Found an opulent altar of Gozag and a sparkling altar of Nemelex Xobeh.
Press: ? - help, v - describe, . - travel A rock wall.
The sky beast flickers out of sight!
Deactivating autopickup; reactivate with Ctrl-A.
Something hits you. Something shocks you.
You completely miss something. You miss something. Something hits you.
Something shocks you.
You hit something but do no damage. Something hits you. Something shocks you.
* * * LOW HITPOINT WARNING * * *
It was a potion of curing.
That felt strangely inert.
A sky beast appears from thin air!
Reactivating autopickup.
The sky beast hits you but does no damage.
You hit the sky beast. You drain the sky beast.
You bite the sky beast, but do no damage.
The sky beast is lightly wounded.
The sky beast hits you. The sky beast shocks you.
* * * LOW HITPOINT WARNING * * *
You closely miss the sky beast.
The sky beast is lightly wounded.
The sky beast flickers out of sight!
Deactivating autopickup; reactivate with Ctrl-A.
Something hits you.
* * * LOW HITPOINT WARNING * * *
Something shocks you.
You die...

#####
##...##
##..8..##
#.......#
#.{._...#
+.⌠@..⌠.#
#..._...#
#.......#
##..8..##
##...##
#####


There were no monsters in sight!

Vanquished Creatures
  A gnoll (D:1)
  An adder (D:2)
  2 worms (D:2)
  2 dart slugs (D:1)
  4 endoplasms (D:1)
  A giant cockroach (D:1)
  2 goblins (D:1)
  5 hobgoblins
  4 kobolds
  2 quokkas (D:1)
  7 ball pythons
  6 bats
  2 frilled lizards (D:1)
  A rat (D:1)
40 creatures vanquished.

Notes
Turn   | Place    | Note
-------+----------+-------------------------------------------
     0 | D:1      | asterach the Vine Stalker Monk began the quest for the Orb.
     0 | D:1      | Reached XP level 1. HP: 11/11 MP: 2/2
   362 | D:1      | Reached XP level 2. HP: 14/16 MP: 3/3
   544 | D:1      | Reached XP level 3. HP: 20/20 MP: 4/4
   547 | D:1      | Learned a level 2 spell: Blink
   600 | D:1      | Found Ybbiekk's Assorted Antiques.
   945 | D:1      | Found Ladi's Assorted Antiques.
  1265 | D:1      | Found Lixit's Weapon Emporium.
  1268 | D:1      | Reached skill level 1 in Spellcasting
  1440 | D:2      | Found a stormy altar of Qazlal.
  1633 | D:2      | Gained mutation: Your natural rate of healing is unusually
                  | fast. [Vine Stalker growth]
  1633 | D:2      | Reached XP level 4. HP: 12/24 MP: 4/6
  1701 | D:2      | You fall into a shaft and drop 2 floors!
  1701 | D:4      | Noticed a sky beast
  1701 | D:4      | Found an opulent altar of Gozag.
  1701 | D:4      | Found a sparkling altar of Nemelex Xobeh.
  1709 | D:4      | Slain by a sky beast

Illustrated notes

Levels and vault maps discovered:
D:1:      scummos_arrival_simple_crosswalls, layout_loops_cross, serial_shops,
          nicolae_shop_advertising_works [nicolae_subvault_shop_adworks],
          nicolae_diamond_shop, shop, minmay_quantized
D:2:      minmay_chambers_of_ones, layout_basic, basic_altar,
          kennysheep_crisscross, serial_park_tiny_2,
          chequers_serial_rivers_small_3, hangedman_abyss_or_decor_stabs
D:4:      layout_loops_cross, grunt_temple_overflow_opulence,
          grunt_decor_mini_mirrors, minmay_ruptured, uniq_sigmund

Skill      XL: |  1  2  3 |
---------------+----------+-----
Fighting       | 3 |  3.1
Short Blades   | 3 |  3.3
Spellcasting   | 1 |  1.1
Stealth        | 3 |  3.0
Dodging        | |  2.8

Action                   |  1- 3 |  4- 6 || total
-------------------------+-------+-------++-------
Melee: Short sword       |    66 |       ||    66
       Bite              |    21 |     5 ||    26
       Dagger            |    12 |    14 ||    26
  Use: Potion            |       |     1 ||     1
 Stab: Sleeping          |     8 |     1 ||     9
       Distracted        |     1 |       ||     1
Armor: Robe              |     4 |     3 ||     7
Dodge: Dodged            |    41 |     2 ||    43

Table legend: (Time is in decaauts)
 A = Elapsed time spent in this place.
 B = Non-inter-level travel time spent in this place.
 C = Inter-level travel time spent in this place.
 D = Time resting spent in this place.
 E = Time spent auto-exploring this place.
 F = Levels seen in this place.
 G = Mean time per level.
                   A        B        C        D        E       F      G
               +--------+--------+--------+--------+--------+-----+--------+
         Total |   1700 |   1652 |     48 |    245 |   1154 |   3 |  566.7 |
       Dungeon |   1700 |   1652 |     48 |    245 |   1154 |   3 |  566.7 |
               +--------+--------+--------+--------+--------+-----+--------+

Top non-repeatable levels by time:
     D:1: 1388 daAuts
     D:2: 305 daAuts
     D:4: 7 daAuts
